 Dungeon Crawl Stone Soup version 0.28-a0-265-g048bc9fd10 (webtiles) character file.

Game seed: 19673445887151206

6514 tatocazan the Cleaver (level 10, -1/91 HPs)
             Began as a Minotaur Fighter on Aug 28, 2021.
             Was a Believer of Uskayaw.
             Slain by a cyclops (18 damage)
             ... on level 10 of the Dungeon.
             The game lasted 00:14:38 (11118 turns).

tatocazan the Cleaver (Minotaur Fighter)           Turns: 11118, Time: 00:14:38

Health: -1/91      AC: 21    Str: 23    XL:     10   Next: 69%
Magic:  11/11      EV:  6    Int:  5    God:    Uskayaw [**....]
Gold:   459        SH: 10    Dex: 11    Spells: 9/9 levels left

rFire   + . .      SeeInvis .   a - +0 war axe
rCold   x . .      Faith    .   c - +0 kite shield
rNeg    . . .      Spirit   .   n - +0 plate armour
rPois   .          Reflect  .   (helmet restricted)
rElec   .          Harm     .   (no cloak)
rCorr   .          Rampage  .   e - +0 pair of gloves
Will    .....                   B - +0 pair of boots
Stlth   ..........              (no amulet)
HPRegen 0.25/turn               q - ring of fire
MPRegen 0.12/turn               (no ring)

@: no status effects
A: horns 2, retaliatory headbutt, fangs 1, iridescent scales 2
a: Renounce Religion, Stomp, Line Pass


You were on level 10 of the Dungeon.
You worshipped Uskayaw.
Uskayaw was noncommittal.
You visited 2 branches of the dungeon, and saw 11 of its levels.
You also visited: Bailey.

You collected 524 gold pieces.
You spent 65 gold pieces at shops.

Inventory:

Hand Weapons
 a - a +0 war axe (weapon)
 w - the +1 falchion "Boonul" {vorpal, *Noise rC+ SInv}
   (You found it on level 6 of the Dungeon)

   It inflicts extra damage upon your enemies.
   rC:        It protects you from cold.
   SInv:      It lets you see invisible.
   *Noise:    It may make noises in combat.
Missiles
 d - 7 silver javelins (quivered)
Armour
 c - a +0 kite shield (worn)
 e - a +0 pair of gloves (worn)
 n - a +0 plate armour (worn)
 B - a +0 pair of boots (worn)
Jewellery
 j - a ring of magical power
 q - a ring of fire (left hand)
 x - an amulet of the acrobat
Wands
 b - a wand of digging (6)
 p - a wand of paralysis (8)
 v - a wand of flame (74)
 y - a wand of iceblast (6)
 E - a wand of acid (1)
 G - a wand of mindburst (3)
Scrolls
 h - 2 scrolls of identify
 o - 5 scrolls of teleportation
 r - a scroll of immolation
 s - 2 scrolls of amnesia
Potions
 f - 2 potions of haste
 g - 3 potions of curing
 i - 2 potions of berserk rage
 k - a potion of magic
 l - 4 potions of lignification
 t - a potion of resistance
 D - a potion of brilliance
 F - a potion of might
Miscellaneous
 C - a piece from Xom's chessboard (15/15)


   Skills:
 + Level 9.4 Fighting
 * Level 12.0 Axes
 + Level 9.3 Armour
 + Level 9.4 Shields
 + Level 3.2 Invocations


You had 9 spell levels left.
You didn't know any spells.
Your spell library contained the following spells:

 Spells                   Type           Power      Damage    Failure   Level
 Animate Skeleton         Necr           0%         N/A       100%        1
 Apportation              Tloc           0%         N/A       100%        1
 Corona                   Hex            0%         N/A       100%        1
 Shock                    Conj/Air       0%         1d3       100%        1
 Summon Small Mammal      Summ           0%         N/A       100%        1
 Blink                    Tloc           N/A        N/A       100%        2
 Inner Flame              Hex/Fire       0%         N/A       100%        3
 Lesser Beckoning         Tloc           0%         N/A       100%        3
 Swiftness                Air            0%         N/A       100%        3
 Airstrike                Air            0%         N/A       100%        4
 Cause Fear               Hex            0%         N/A       100%        4
 Manifold Assault         Tloc           0%         N/A       100%        5
 Discord                  Hex            0%         N/A       100%        8


Dungeon Overview and Level Annotations

Branches:
Dungeon (10/15)            Temple (1/1) D:5          Bailey (visited)
   Lair: D:8-11         Orc: D:9-12

Altars:
Ashenzari
Cheibriados
Dithmenos
Elyvilon
Fedhas
Gozag
Hepliaklqana
Kikubaaqudgha
Makhleb
Nemelex Xobeh
Okawaru
Qazlal
Ru
Sif Muna
Trog
Uskayaw
Vehumet
Wu Jian
Xom
Yredelemnul
Zin
The Shining One

Shops:
D:4 !   D:7 *   D:10 [


Innate Abilities, Weirdness & Mutations

You have a pair of horns on your head.
You reflexively headbutt those who attack you in melee.
You have very sharp teeth.
You are mostly covered in iridescent scales. (AC +4)


Message History

You are too injured to fight recklessly!
You are too injured to fight recklessly!
You are too injured to fight recklessly!
You are too injured to fight recklessly!
The centaur shoots an arrow.
You block the arrow.
The cyclops throws a large rock.
You block the large rock.
The centaur shoots an arrow.
The arrow hits you!
The centaur shoots an arrow.
The arrow hits you. The cyclops hits you!
* * * LOW HITPOINT WARNING * * *
You take 25 damage, and have 26/91 hp.
MASSIVE DAMAGE!!
You hit the cyclops.
The cyclops is lightly wounded.
The centaur shoots an arrow.
The arrow hits you but does no damage.
The cyclops hits you but does no damage.
You slash the cyclops! You headbutt the cyclops!
The cyclops is severely wounded.
The centaur shoots an arrow.
You block the arrow.
The centaur shoots an arrow.
The arrow hits you but does no damage.
You can now pass through a line of other dancers.
You hit the cyclops but do no damage. You bite the cyclops, but do no damage.
The cyclops is severely wounded.
The centaur shoots an arrow.
The arrow hits you.
* * * LOW HITPOINT WARNING * * *
The cyclops hits you!
* * * LOW HITPOINT WARNING * * *
You take 11 damage, and have 16/91 hp.
Your plate armour prevents you from hitting the cyclops.
The cyclops is severely wounded.
The centaur shoots an arrow.
You block the arrow.
The cyclops hits you but does no damage.
You slash the cyclops!
The cyclops is almost dead.
You feel much better. The cyclops hits you!
* * * LOW HITPOINT WARNING * * *
You hit the cyclops.
You headbutt the cyclops, but do no damage.
Your bite misses the cyclops.
The cyclops is almost dead.
The cyclops hits you!!
You die...

.................#.....
..................#
.......#........#.#####
.......#..............#
.#######........##.##.#
#.######.#...#.#
..######.#.....#
.........)[...># .#
########@#.#.#.######.#
.......C.#..........#.###
#####.....##.#...#.......
#......$.........#.......
#.###.....###....#.......
#.<......##....#.......
#.#......##...##.[.....
#.#......###..##.......
#.######..........#....


You could see a cyclops.

Vanquished Creatures
  A two-headed ogre (D:10)
  A cyclops (D:9)
  Maggie (D:9)
  The ghost of speeev33 the Skirmisher, an amateur HOFi (D:4)
  A hornet (D:8)
  2 wyverns
  7 yaks
  A steam dragon (D:10)
  Menkaure (D:5)
  Duvessa (D:6)
  A water moccasin (D:6)
  5 orc warriors
  A necrophage (D:3)
  2 ice beasts
  An ogre (D:5)
  A phantom (D:5)
  3 centaurs
  3 bullfrogs
  Dowan (D:6)
  2 scorpions
  4 wights
  5 howler monkeys
  2 centaur zombies
  Crazy Yiuf (D:6)
  A hound (D:4)
  6 orc priests
  2 iguanas
  10 orc wizards
  2 howler monkey zombies (D:7)
  11 gnolls
  A howler monkey skeleton (D:6)
  4 adders
  A white imp (D:7)
  An adder skeleton (D:4)
  2 worms
  2 dart slugs
  30 orcs
  5 endoplasms
  3 giant cockroaches
  5 goblins
  4 hobgoblins
  2 jackals (D:4)
  A quokka (D:4)
  6 ball pythons
  5 bats
  A frilled lizard (D:1)
  A jackal zombie (D:7)
  6 kobolds
  4 rats
165 creatures vanquished.

Notes
Turn   | Place    | Note
-------+----------+-------------------------------------------
     0 | D:1      | tatocazan the Minotaur Fighter began the quest for the Orb.
     0 | D:1      | Reached XP level 1. HP: 19/19 MP: 0/0
   172 | D:1      | Reached XP level 2. HP: 22/27 MP: 1/1
   428 | D:1      | Reached skill level 3 in Axes
   661 | D:1      | Found a faded altar of an unknown god.
   993 | D:2      | Reached XP level 3. HP: 28/33 MP: 2/2
  2034 | D:3      | Noticed a necrophage
  2042 | D:3      | Killed a necrophage
  2043 | D:3      | Reached skill level 4 in Axes
  2043 | D:3      | Reached XP level 4. HP: 23/41 MP: 3/3
  2043 | D:3      | Reached XP level 5. HP: 27/47 MP: 4/4
  2206 | D:3      | Found an ornate altar of the Wu Jian Council.
  2576 | D:4      | Reached skill level 5 in Axes
  2701 | D:4      | Reached XP level 6. HP: 55/55 MP: 5/5
  2772 | D:4      | Found a runed translucent door.
  2779 | D:4      | Noticed speeev33's ghost (amateur HOFi)
  3050 | D:4      | Reached skill level 5 in Fighting
  3050 | D:4      | Reached skill level 5 in Armour
  3067 | D:4      | Killed speeev33's ghost
  3068 | D:4      | Reached skill level 6 in Axes
  3068 | D:4      | Reached skill level 5 in Shields
  3068 | D:4      | Reached XP level 7. HP: 24/61 MP: 6/6
  3352 | D:4      | Found Toal's Distillery.
  3357 | D:4      | Bought a potion of berserk rage for 65 gold pieces
  3394 | D:4      | Found a blossoming altar of Fedhas.
  3574 | D:5      | Entered Level 5 of the Dungeon
  3585 | D:5      | Found a staircase to the Ecumenical Temple.
  3592 | Temple   | Entered the Ecumenical Temple
  3661 | D:5      | Found a hide-covered altar of Uskayaw.
  3716 | D:5      | Became a worshipper of Uskayaw the Reveller
  3753 | D:5      | Noticed Menkaure
  4003 | D:5      | Reached * piety under Uskayaw
  4005 | D:5      | Killed Menkaure
  4005 | D:5      | Reached ** piety under Uskayaw
  4189 | D:5      | Reached *** piety under Uskayaw
  4191 | D:5      | Reached **** piety under Uskayaw
  4205 | D:5      | Reached skill level 7 in Axes
  4301 | D:5      | Reached XP level 8. HP: 41/70 MP: 7/7
  4486 | D:5      | Found a shimmering altar of Xom.
  4724 | D:6      | Noticed Duvessa
  4727 | D:6      | Noticed Dowan
  4737 | D:6      | Reached ***** piety under Uskayaw
  4738 | D:6      | Killed Duvessa
  4738 | D:6      | Killed Dowan
  4739 | D:6      | Reached skill level 8 in Axes
  4900 | D:6      | Found a stormy altar of Qazlal.
  5007 | D:6      | Identified the +1 falchion "Boonul" {vorpal, *Noise rC+
                  | SInv}
  5165 | D:6      | Found a bloodstained altar of Trog.
  5322 | D:6      | Found a runed translucent door.
  5323 | D:6      | Noticed Crazy Yiuf
  5473 | D:6      | Killed Crazy Yiuf
  5929 | D:7      | Found a flagged portal.
  5957 | D:7      | Reached skill level 9 in Axes
  5962 | Bailey   | Entered a bailey
  5962 | Bailey   | Noticed an orc knight
  5984 | Bailey   | Noticed an orc knight
  5987 | Bailey   | Noticed an orc knight
  6339 | D:7      | Reached XP level 9. HP: 28/79 MP: 8/8
  6573 | D:7      | Found Zin's Purification Station.
  6578 | D:7      | Found a glowing silver altar of Zin.
  6845 | D:7      | Found a sacrificial altar of Ru.
  7014 | D:8      | Reached skill level 10 in Axes
  7660 | D:8      | Found a basalt altar of Yredelemnul.
  8160 | D:8      | Reached skill level 1 in Invocations
  8919 | D:9      | Reached XP level 10. HP: 73/89 MP: 9/9
  9016 | D:9      | Reached skill level 11 in Axes
  9452 | D:9      | Noticed Maggie
  9467 | D:9      | Killed Maggie
  9834 | D:9      | Noticed a cyclops
 10249 | D:8      | Gained mutation: You possess an exceptional clarity of
                  | mind. [potion of mutation]
 10249 | D:8      | Gained mutation: Armour fits poorly on your strangely
                  | shaped body. [potion of mutation]
 10250 | D:8      | Lost mutation: Armour fits poorly on your strangely shaped
                  | body. [potion of mutation]
 10250 | D:8      | Lost mutation: You possess an exceptional clarity of mind.
                  | [potion of mutation]
 10250 | D:8      | Gained mutation: You are partially covered in iridescent
                  | scales. (AC +2) [potion of mutation]
 10250 | D:8      | Gained mutation: You are mostly covered in iridescent
                  | scales. (AC +4) [potion of mutation]
 10250 | D:8      | Gained mutation: You have very sharp teeth. [potion of
                  | mutation]
 10262 | D:9      | Killed a cyclops
 10601 | D:9      | Found a shimmering blue altar of Sif Muna.
 10665 | D:10     | Entered Level 10 of the Dungeon
 10666 | D:10     | Found Nageniah's Antique Armour Emporium.
 10830 | D:10     | Noticed a two-headed ogre
 10838 | D:10     | Killed a two-headed ogre
 10839 | D:10     | Reached skill level 12 in Axes
 10862 | D:10     | Noticed a cyclops
 11118 | D:10     | Slain by a cyclops

Illustrated notes

Levels and vault maps discovered:
D:1:      erik_arrival_orb_chamber, layout_loops_ring,
          ebering_ecumenical_altar_sacrificial
D:2:      layout_loops_ring, minivault_5
D:3:      layout_loops_ring, pdpol_wu_jian_five_deadly_venoms, minivault_14
D:4:      layout_basic, fedhas_altar_4, serial_shops, nicolae_shop_crystal,
          ebering_ghost_sewer_d, hangedman_decor_opposing
D:5:      layout_basic, kennysheep_mini, mainiacjoe_overflow_six_doors_small,
          temple_statues, uniq_menkaure
D:6:      layout_rooms, trog_book, nicolae_qazlal_general_emergency,
          uniq_duvessa, uniq_crazy_yiuf_cottage
D:7:      layout_cave_pools, nicolae_ru_the_path_less_chosen, zin_purify,
          enter_ossuary_3, lightli_bailey_entry_fortress
D:8:      layout_basic, mainiacjoe_overflow_concentric_impassable,
          serial_aquarium, aquarium_bridge_square [aquarium_subvault_wall,
          aquarium_subvault_bridge, aquarium_subvault_window,
          aquarium_subvault_bridge], aquarium_window_3, aquarium_window_double,
          aquarium_window_corner, aquarium_view_2b, aquarium_view_2f,
          aquarium_balcony_3b, aquarium_pool_2, hangedman_decor_clover_reticule,
          chequers_serial_rivers_micro_a
D:9:      layout_roguey, kennysheep_orc_sif_temple, uniq_maggie
D:10:     layout_basic, erik_lair_island, serial_shops, shop, shop,
          nicolae_shop_stone, uniq_josephine
Temple:   minmay_temple_bridge_abc

Skill      XL: |  1  2  3  4  5  6  7  8  9 10 |
---------------+-------------------------------+-----
Axes           | 3 4 5 6 7 9 10 12 | 12.0
Fighting       | 4 5 6 7 8 9 |  9.4
Armour         | 4 5 6 7 8 9 |  9.3
Shields        | 4 5 6 7 8 9 |  9.4
Invocations    | 1 3 |  3.2

Action                   |  1- 3 |  4- 6 |  7- 9 | 10-12 || total
-------------------------+-------+-------+-------+-------++-------
Melee: War axe           |    83 |    51 |   294 |   100 ||   528
       Headbutt          |     7 |    11 |    48 |    27 ||    93
       Bite              |       |       |       |     7 ||     7
Evoke: Wand              |       |       |     6 |     5 ||    11
  Use: Scroll            |     2 |       |     1 |    11 ||    14
       Potion            |     1 |     1 |       |     3 ||     5
 Stab: Paralysed         |       |       |    19 |     4 ||    23
Armor: Scale mail        |    50 |    19 |       |       ||    69
       Plate armour      |       |       |   166 |    44 ||   210
Dodge: Dodged            |    22 |    18 |    81 |    16 ||   137
Block: Kite shield       |    47 |    22 |   152 |    37 ||   258

Table legend: (Time is in decaauts)
 A = Elapsed time spent in this place.
 B = Non-inter-level travel time spent in this place.
 C = Inter-level travel time spent in this place.
 D = Time resting spent in this place.
 E = Time spent auto-exploring this place.
 F = Levels seen in this place.
 G = Mean time per level.
                   A        B        C        D        E       F      G
               +--------+--------+--------+--------+--------+-----+--------+
         Total |  11281 |  10815 |    466 |   2707 |   6583 |  12 |  940.1 |
       Dungeon |  11185 |  10740 |    445 |   2703 |   6564 |  10 | 1118.5 |
        Temple |     60 |     39 |     21 |      0 |     19 |   1 |   60.0 |
        Bailey |     35 |     35 |      0 |      4 |      0 |   1 |   35.0 |
               +--------+--------+--------+--------+--------+-----+--------+

Top non-repeatable levels by time:
     D:8: 2008 daAuts
     D:9: 1687 daAuts
     D:7: 1499 daAuts
     D:4: 1289 daAuts
     D:6: 1042 daAuts
     D:2: 889 daAuts
     D:1: 882 daAuts
     D:3: 832 daAuts
     D:5: 820 daAuts
    D:10: 233 daAuts
  Temple: 60 daAuts
  Bailey: 35 daAuts
